 Dungeon Crawl Stone Soup version 0.19.4-9-g45fd643 (webtiles) character file.

279 sankara the Conjurer (level 6, -2/45 HPs)
             Began as a Draconian Conjurer on Feb 21, 2017.
             Shot with an arrow by a centaur (16 damage)
             ... on level 5 of the Dungeon.
             The game lasted 00:25:04 (4499 turns).

sankara the Conjurer (Draconian Conjurer)           Turns: 4499, Time: 00:25:04

Health: -2/45      AC:  7    Str: 10    XL:     6   Next: 5%
Magic:  1/10       EV: 12    Int: 17    God:
Gold:   323        SH:  0    Dex: 12    Spells: 3 memorised, 3 levels left

rFire  . . .     SeeInvis .     b - staff of energy
rCold  . . .     Gourm    .     (armour unavailable)
rNeg   . . .     Faith    .     (no shield)
rPois  .         Spirit   .     (helmet restricted)
rElec  .         Reflect  .     t - +0 cloak
rCorr  .         Harm     .     (no gloves)
MR     .....                    (no boots)
Stlth  ++........               (no amulet)
                                (no ring)
                                (no ring)

@: no status effects
A: unfitting armour, cold-blooded, AC +6
a: no special abilities


You were on level 5 of the Dungeon.
You were not hungry.

You visited 1 branch of the dungeon, and saw 5 of its levels.

You collected 333 gold pieces.
You spent 10 gold pieces at shops.

Inventory:

Hand Weapons
 a - a +0 falchion
 c - a +0 dagger
Armour
 t - a +0 cloak (worn)
Magical Staves
 b - an uncursed staff of energy (weapon)
Scrolls
 f - a scroll of blinking {unknown}
 g - a scroll of fear {unknown}
 h - a scroll of remove curse {unknown}
 i - a scroll of teleportation {unknown}
 k - 3 scrolls of identify {unknown}
 n - a scroll of immolation {unknown}
 p - a scroll of random uselessness {unknown}
 s - a scroll of enchant weapon {unknown}
Potions
 o - 2 potions of heal wounds
 r - 2 potions of cancellation {unknown}
Books
 d - a book of Conjurations

   Spells                             Type                      Level
   a - Magic Dart                     Conjuration                  1
   b - Searing Ray                    Conjuration                  2
   c - Dazzling Spray                 Conjuration/Hexes            3
   d - Fulminant Prism                Conjuration/Hexes            4
   e - Iskenderun's Mystic Blast      Conjuration                  4
   f - Iskenderun's Battlesphere      Conjuration/Charms           5
 q - a book of Misfortune

   Spells                             Type                      Level
   a - Confusing Touch                Hexes                        1
   b - Confuse                        Hexes                        3
   c - Gell's Gravitas                Hexes/Translocation          3
   d - Petrify                        Transmutation/Earth          4
   e - Metabolic Englaciation         Hexes/Ice                    5
   f - Yara's Violent Unravelling     Hexes/Transmutation          5
Comestibles
 j - 4 bread rations
 l - 3 chunks of flesh
 m - 3 fruits


   Skills:
 - Level 1.7 Dodging
 - Level 1.7 Stealth
 + Level 3.0 Spellcasting
 * Level 6.0 Conjurations
 + Level 1.5 Hexes
 + Level 2.1 Evocations


You had 3 spell levels left.
You knew the following spells:

 Your Spells              Type           Power        Failure   Level  Hunger
a - Magic Dart            Conj           ###.         1%          1    None
b - Dazzling Spray        Conj/Hex       ###...       12%         3    None
c - Iskenderun's Mystic   Conj           ###.....     17%         4    None


Dungeon Overview and Level Annotations

Branches:
Dungeon (5/15)
 Temple: D:4-7

Altars:

Shops:
D:4 *!*

Annotations:
D:4 Brouzouf's ghost, amateur DsFi
D:5 Prince Ribbit


Innate Abilities, Weirdness & Mutations

Your plain brown scales are hard. (AC +6)
You cannot fit into any form of body armour.
You are cold-blooded and may be slowed by cold attacks.


Message History

The centaur is almost dead.
The centaur shoots an arrow.
The arrow closely misses you.
The centaur shoots an arrow.
The arrow closely misses you.
Prince Ribbit comes into view.
Okay, then.
Okay, then.
The centaur shoots an arrow.
The arrow hits you!
* * * LOW HITPOINT WARNING * * *
You see here an arrow.
Casting: Magic Dart
Confirm with . or Enter, or press ? or * to list all spells.
You don't have enough magic to cast that spell.
The centaur shoots an arrow.
The arrow misses you.
You see here 5 arrows.
The centaur shoots an arrow.
The arrow hits you.
* * * LOW HITPOINT WARNING * * *
You see here an arrow.
The centaur shoots an arrow.
The arrow barely misses you.
The centaur shoots an arrow.
The arrow hits you!
You die...

##..........
#.cF........
######.#.([......
##..##..#......c..
#......###........
##.....##
#........
##...(.##
##.......
##......# ###.....
#...@..## #....
#......# ##..
#.........#
###.......#
#.......##
#.......#
#........#
##%...$..#


You could see a centaur.

Vanquished Creatures
  A crimson imp (D:5)
  An orc priest (D:3)
  A centaur skeleton (D:3)
  3 orc wizards
  2 adders (D:3)
  An ooze (D:2)
  3 worms
  A dart slug (D:1)
  A leopard gecko (D:3)
  12 orcs
  7 giant cockroaches
  4 goblins
  6 hobgoblins
  3 kobolds
  2 quokkas (D:3)
  A ball python (D:1)
  9 bats
  5 frilled lizards
  A giant cockroach zombie (D:5)
  A leopard gecko skeleton (D:4)
  5 rats
70 creatures vanquished.

Notes
Turn   | Place    | Note
-------+----------+-------------------------------------------
     0 | D:1      | sankara the Draconian Conjurer began the quest for the Orb.
     0 | D:1      | Reached XP level 1. HP: 14/14 MP: 3/3
   484 | D:1      | Reached XP level 2. HP: 20/20 MP: 0/5
  1171 | D:2      | Reached XP level 3. HP: 24/26 MP: 0/6
  2045 | D:3      | Reached skill level 5 in Conjurations
  2083 | D:3      | Learned a level 3 spell: Dazzling Spray
  2168 | D:3      | Reached skill level 1 in Evocations
  2168 | D:3      | Reached XP level 4. HP: 14/33 MP: 0/8
  2888 | D:3      | Reached skill level 1 in Hexes
  3000 | D:3      | Learned a level 4 spell: Iskenderun's Mystic Blast
  3067 | D:3      | Reached XP level 5. HP: 29/38 MP: 1/9
  3466 | D:4      | Noticed Brouzouf's ghost (amateur DsFi)
  4208 | D:4      | Found Sarou's General Store.
  4210 | D:4      | Found Ykkiurepu's Distillery.
  4238 | D:4      | Bought a potion of degeneration for 10 gold pieces
  4271 | D:4      | Found Neoxzov's General Store.
  4401 | D:5      | Entered Level 5 of the Dungeon
  4410 | D:5      | Reached XP level 6. HP: 45/45 MP: 2/10
  4447 | D:5      | Reached skill level 6 in Conjurations
  4491 | D:5      | Noticed Prince Ribbit
  4499 | D:5      | Shot with an arrow by a centaur

Skill      XL: |  1  2  3  4  5  6 |
---------------+-------------------+-----
Conjurations   | 5 6 |  6.0
Evocations     | 1 2 |  2.1
Hexes          | 1 |  1.5
Spellcasting   | 3 |  3.0
Dodging        | |  1.7
Stealth        | |  1.7

Action                   |  1- 3 |  4- 6 || total
-------------------------+-------+-------++-------
Melee: Short sword       |     6 |       ||     6
       Falchion          |     8 |    40 ||    48
       Tailslap          |       |     5 ||     5
 Cast: Magic Dart        |   107 |    96 ||   203
       Dazzling Spray    |       |    26 ||    26
Evoke: Staff of energy   |    15 |    36 ||    51
  Use: Potion            |       |     5 ||     5
 Stab: Sleeping          |     1 |       ||     1
       Invisible         |       |     2 ||     2
  Eat: Chunk             |     5 |     8 ||    13
       Fruit             |       |     1 ||     1
Armor: Skin              |    15 |    23 ||    38
Dodge: Dodged            |    16 |    48 ||    64
       Rpst.: Falchion   |     1 |     8 ||     9
